 Dungeon Crawl Stone Soup version 0.28.0 (webtiles) character file.

Game seed: 9487303074671095976

242 Sharkman1231 the Sneak (level 5, 0/42 HPs)
             Began as a Demonspawn Delver on Feb 6, 2022.
             Slain by an iron imp (7 damage)
             ... summoned by Natasha
             ... on level 2 of the Dungeon.
             The game lasted 00:02:37 (3153 turns).

Sharkman1231 the Sneak (Demonspawn Delver)          Turns: 3153, Time: 00:02:37

Health: 0/42       AC:  3    Str: 13    XL:     5   Next: 81%
Magic:  1/1        EV: 12    Int: 11    God:
Gold:   121        SH:  0    Dex: 18    Spells: 4/4 levels left

rFire   . . .      SeeInvis .   b - +2 dagger (antimagic)
rCold   . . .      Faith    +   (no shield)
rNeg    . . .      Spirit   .   k - +0 leather armour
rPois   .          Reflect  .   (helmet restricted)
rElec   .          Harm     .   (no cloak)
rCorr   .          Rampage  .   (no gloves)
Will    .....                   (no boots)
Stlth   ++++......              m - amulet of faith
HPRegen 0.14/turn               (no ring)
MPRegen 0.07/turn               (no ring)

@: slowed, very slow
A: antennae 2, thin skeletal structure 1, powered by death 1
a: no special abilities


You were on level 2 of the Dungeon.
You visited 1 branch of the dungeon, and saw 5 of its levels.

You collected 121 gold pieces.

Inventory:

Hand Weapons
 a - a +0 falchion
 b - a +2 antimagic dagger (weapon)
 j - a +0 quarterstaff
 n - a +0 short sword of freezing
Armour
 k - a +0 leather armour (worn)
Jewellery
 m - an amulet of faith (around neck)
Wands
 g - a wand of digging (8)
Scrolls
 c - 2 scrolls of fog
 d - 3 scrolls of magic mapping
 e - 2 scrolls of fear
 h - 2 scrolls of teleportation {unknown}
 o - a scroll of enchant weapon {unknown}
 p - a scroll of blinking {unknown}
 q - a scroll of immolation {unknown}
 r - a scroll of brand weapon {unknown}
 s - a scroll of noise {unknown}
Potions
 f - a potion of haste
 i - a potion of lignification {unknown}
 l - 2 potions of curing


   Skills:
 + Level 3.9 Fighting
 * Level 3.8 Long Blades
 + Level 2.8 Dodging
 + Level 5.2 Stealth


You had 4 spell levels left.
You didn't know any spells.
Your spell library contained the following spells:

 Spells                   Type           Power      Damage    Failure   Level
 Pain                     Necr           0%         1d4       41%         1
 Agony                    Necr           0%         N/A       100%        5
 Excruciating Wounds      Necr           0%         N/A       100%        5


Dungeon Overview and Level Annotations

Branches:
Dungeon (5/15)
 Temple: D:4-7

Altars:

Annotations:
D:2 Natasha


Innate Abilities, Weirdness & Mutations

You have a pair of antennae on your head.
You have a somewhat thin skeletal structure. (Dex +2, Stealth+)
You regenerate a little health from kills.


Message History

Natasha is lightly wounded.
Natasha's magic is no longer disrupted.
Natasha claws you.
You hit Natasha but do no damage.
Natasha is lightly wounded.
Natasha stares at you and mumbles some strange words.
You feel yourself slow down.
You hit Natasha.
Natasha's magic leaks into the air.
Natasha is moderately wounded.
Natasha claws you but does no damage.
The crimson imp hits you but does no damage.
You hit Natasha.
Natasha's magic leaks into the air.
Natasha is heavily wounded.
Natasha mumbles some strange words.
The crimson imp hits you.
You barely miss Natasha.
Natasha is heavily wounded.
Natasha misses you. The crimson imp hits you.
Natasha mumbles some strange words.
The iron imp hits you.
You hit Natasha.
Natasha's magic leaks into the air.
Natasha is severely wounded.
The crimson imp closely misses you. Natasha misses you.
The white imp gestures at you. The puff of frost hits you!
The crimson imp closely misses you.
The iron imp hits you but does no damage.
The crimson imp blinks!
Natasha claws you. The white imp gestures at you. The puff of frost hits you.
* * * LOW HITPOINT WARNING * * *
Natasha barely misses you.
Natasha's magic is no longer disrupted.
The white imp shouts, "Decamp, thou fawning toad-spotted toady!"
The white imp gestures at you. The puff of frost misses you.
Natasha stares at you and mumbles some strange words.
The magic dart hits you.
* * * LOW HITPOINT WARNING * * *
It was a potion of curing.
You feel better. Natasha claws you but does no damage. The iron imp hits you!
You die...

..#..........# #.# #.....#.
..'..........####.### #.###.#.
..###8###8###.#.....######.......
....###########†..........####...
###.###.##................# ####
..........................#
###.###..........5........#
###.#...#........h........#
8#..#.#.#.......@5.....)..##
##..#.#.......<..5...†.....##
###.#.###...................## #
#.#...................#.#..#### 8
#.##########.........##.##.....
###.........<..##.##....###..#.#.
############...#.##.#)..#..##.##
#......# #.....#.##.#..###."###.
######.# #.#.#|..##.#.##.##..##.


You could see an iron imp (summoned), Natasha, a crimson imp (summoned) and a
white imp (summoned).

Vanquished Creatures
  2 hounds
  An iguana (D:4)
  Natasha (twice) (D:2)
  4 adders
  An adder skeleton (D:4)
  2 worms (D:2)
  3 bats (D:1)
  4 endoplasms
  2 giant cockroaches (D:1)
  5 goblins
  7 hobgoblins
  3 jackals (D:2)
  6 quokkas
  8 ball pythons
  2 frilled lizards (D:1)
  4 kobolds
  8 rats
64 creatures vanquished.

Notes
Turn   | Place    | Note
-------+----------+-------------------------------------------
     0 | D:5      | Sharkman1231 the Demonspawn Delver began the quest for the
                  | Orb.
     0 | D:5      | Reached XP level 1. HP: 18/18 MP: 1/1
    25 | D:4      | Noticed an iguana
   139 | D:4      | Gained mutation: You have a pair of small antennae on your
                  | head. [demonic ancestry]
   139 | D:4      | Reached XP level 2. HP: 20/24 MP: 2/2
   213 | D:4      | Gained mutation: You have a somewhat thin skeletal
                  | structure. (Dex +2, Stealth+) [demonic ancestry]
   213 | D:4      | Reached XP level 3. HP: 20/29 MP: 3/3
   243 | D:4      | Gained mutation: You regenerate a little health from kills.
                  | [demonic ancestry]
   243 | D:4      | Reached XP level 4. HP: 3/35 MP: 4/4
   552 | D:4      | Noticed a scorpion
  1224 | D:2      | Reached skill level 5 in Stealth
  1224 | D:2      | Gained mutation: You have a pair of antennae on your head.
                  | [demonic ancestry]
  1224 | D:2      | Reached XP level 5. HP: 29/42 MP: 1/5
  2520 | D:2      | Noticed Natasha
  3094 | D:2      | Killed Natasha
  3111 | D:2      | Noticed Natasha
  3122 | D:2      | Killed Natasha
  3140 | D:2      | Noticed Natasha
  3152 | D:2      | HP: 2/42 [Natasha/magic dart (5)]
  3153 | D:2      | Slain by an iron imp

Illustrated notes

Levels and vault maps discovered:
D:1:      lightli_arrival_isolated_outpost, layout_loops_ring,
          minmay_pentomino_o2
D:2:      layout_basic, serial_corexii_hall, corexii_hall_statues_l,
          corexii_hall_statues_x, chequers_hall_statues_wall_a,
          chequers_hall_statues_corner_a, minmay_between, uniq_natasha
D:3:      layout_basic
D:4:      layout_basic, kennysheep_little_box, minmay_temple_entry_glassed_door
D:5:      layout_rooms, serial_bayou, serial_bayou_lagoon_a,
          serial_bayou_pond_e, serial_bayou_pond_d, serial_bayou_pond_d,
          minmay_checkerbox, uniq_ijyb

Skill      XL: |  1  2  3  4 |
---------------+-------------+-----
Long Blades    | 2 3 |  3.8
Dodging        | 2 |  2.8
Stealth        | 5 |  5.2
Fighting       | |  3.9

Action                   |  1- 3 |  4- 6 || total
-------------------------+-------+-------++-------
Melee: Quarterstaff      |    20 |     5 ||    25
       Falchion          |     3 |       ||     3
       Dagger            |       |   238 ||   238
       Punch             |       |     3 ||     3
  Use: Potion            |       |     1 ||     1
 Stab: Sleeping          |     1 |    21 ||    22
Armor: Leather armour    |     4 |    49 ||    53
Dodge: Dodged            |    18 |   128 ||   146
